AoeStats
← Chiripa605

Black Forest

507581191Analyzed
4v4 RM · 13d ago on Sep 18, 2026· 49m 43s· 8 players
Game mode
Random Map
Map size
Large (8 player)
Population
200
Speed
Normal
Resources
Standard
Victory
Conquest
Starting age
Dark Age
Ending age
Imperial Age
RankedLock teamsTeams togetherTeam positionsShared explorationLock speedFull tech treeHidden civsTurbo modeCheats
Victory
Defeat
🇨🇴 Mongols · Colombia
1441
+12
🇬🇧 Britons · United Kingdom
1439
+13
🇩🇪 Vikings · Germany
1405
+14
🇺🇸 Hindustanis · United States
1305
+17
🇬🇧 Persians · United Kingdom
1377
-15
🇩🇪 Berbers · Germany
1359
-14
🇮🇳 Britons · India
1358
-14
🇩🇪 Khmer · Germany
1340
-13
Olli
6:48 Loom
11:11 Feudal Age
14:07 Castle Age
12:22 Double-Bit Axe
12:20 Horse Collar
15:29 Bow Saw
15:23 Heavy Plow
22:23 Gold Mining
23:30 Stone Mining
28:32 Imperial Age
25:48 Town Watch
26:39 Wheelbarrow
26:45 Gold Shaft Mining
26:46 Stone Shaft Mining
28:20 Fletching
29:30 Bloodlines
29:21 Husbandry
29:28 Scale Barding Armor
29:34 Forging
29:03 Heavy Scorpion
32:28 Chain Barding Armor
32:43 Iron Casting
32:31 Ballistics
33:12 Chemistry
32:00 Elite Battle Elephant
34:29 Plate Barding Armor
33:49 Bodkin Arrow
36:55 Blast Furnace
37:02 Siege Engineers
37:46 Conscription
39:33 Double Crossbow
42:01 Caravan
pirate.king7
5:24 Loom
10:40 Feudal Age
13:26 Double-Bit Axe
17:26 Fletching
21:09 Horse Collar
22:34 Wheelbarrow
25:34 Castle Age
24:41 Gold Mining
26:29 Bow Saw
32:07 Imperial Age
30:50 Bodkin Arrow
31:32 Padded Archer Armor
32:58 Gold Shaft Mining
32:51 Bracer
33:58 Ballistics
36:40 Hand Cart
37:53 Chemistry
37:10 Leather Archer Armor
48:34 Conscription
Doak
10:33 Feudal Age
15:06 Castle Age
13:13 Double-Bit Axe
13:35 Scale Barding Armor
13:54 Horse Collar
19:38 Loom
20:22 Bow Saw
21:06 Bloodlines
21:35 Gold Mining
21:49 Heavy Plow
23:53 Wheelbarrow
25:03 Hand Cart
27:14 Chain Barding Armor
27:23 Forging
34:39 Imperial Age
34:09 Iron Casting
35:30 Plate Barding Armor
34:16 Heavy Camel Rider
37:16 Blast Furnace
37:08 Town Watch
37:04 Light Cavalry
37:44 Husbandry
37:38 Fletching
37:49 Padded Archer Armor
38:52 Chemistry
38:45 Ballistics
38:24 Bodkin Arrow
40:45 Leather Archer Armor
40:42 Pikeman
41:22 Scale Mail Armor
42:37 Hussar
TheDangerous
1:41 Loom
10:37 Feudal Age
11:35 Double-Bit Axe
17:49 Castle Age
16:40 Horse Collar
16:51 Stone Mining
19:05 Bow Saw
23:42 Wheelbarrow
24:02 Gold Mining
27:34 Gold Shaft Mining
30:38 Imperial Age
28:25 Fletching
28:37 Padded Archer Armor
28:38 Scale Mail Armor
28:49 Forging
28:08 Pikeman
29:12 Town Watch
29:43 Hand Cart
29:59 Bodkin Arrow
30:20 Leather Archer Armor
29:54 Crossbowman
30:56 Arbalester
32:11 Bracer
40:06 Gold Shaft Mining
39:31 Elite Skirmisher
40:53 Yeomen
41:39 Conscription
41:57 Ring Archer Armor
41:43 Chain Mail Armor
41:31 Squires
43:48 Two-Man Saw
43:36 Ballistics
44:20 Chemistry
43:35 Halberdier
47:44 Plate Mail Armor
47:51 Iron Casting
Caste
0:29 Loom
12:12 Feudal Age
16:17 Castle Age
14:20 Double-Bit Axe
14:36 Horse Collar
17:32 Bow Saw
18:45 Heavy Plow
22:33 Wheelbarrow
22:52 Gold Mining
23:19 Gold Mining
26:03 Hand Cart
29:42 Imperial Age
27:24 Gold Mining
27:25 Stone Mining
27:37 Padded Archer Armor
27:38 Fletching
29:15 Gold Shaft Mining
29:12 Ballistics
29:02 Masonry
28:52 Bodkin Arrow
29:13 Leather Archer Armor
29:52 Fortified Wall
29:46 Elite Longbowman
30:29 Bracer
31:43 Chemistry
31:14 Caravan
33:18 Conscription
33:36 Ring Archer Armor
35:47 Yeomen
37:53 Two-Man Saw
37:28 Architecture
39:54 Forging
39:44 Scale Mail Armor
39:30 Pikeman
40:10 Squires
40:13 Halberdier
41:50 Iron Casting
41:30 Chain Mail Armor
40:37 Halberdier
43:26 Warwolf
44:35 Guard Tower
44:36 Arrowslits
46:14 Warwolf
46:21 Warwolf
pau7o
10:21 Feudal Age
14:13 Castle Age
12:32 Double-Bit Axe
14:33 Horse Collar
16:12 Bow Saw
20:58 Heavy Plow
21:58 Loom
23:36 Gold Mining
23:37 Stone Mining
27:59 Imperial Age
26:37 Gold Shaft Mining
26:41 Scale Mail Armor
26:51 Forging
27:39 Chain Mail Armor
27:40 Caravan
28:06 Capped Ram
29:25 Iron Casting
29:23 Town Watch
30:09 Plate Mail Armor
31:01 Two-Man Saw
30:10 Siege Ram
33:10 Blast Furnace
32:32 Town Patrol
32:43 Elite Berserk
33:45 Fletching
35:06 Chieftains
36:07 Crop Rotation
36:38 Heavy Scorpion
38:12 Conscription
39:54 Chemistry
39:05 Masonry
38:37 Treadmill Crane
41:24 Siege Engineers
40:43 Onager
44:08 Ballistics
46:08 Bodkin Arrow
46:14 Padded Archer Armor
47:26 Architecture
46:53 Murder Holes
47:43 Bracer
47:58 Leather Archer Armor
49:25 Hoardings
50:41 Ring Archer Armor
Chiripa605
4:44 Loom
11:30 Feudal Age
15:35 Castle Age
14:05 Double-Bit Axe
15:04 Horse Collar
16:31 Bow Saw
24:29 Wheelbarrow
24:26 Heavy Plow
25:16 Gold Mining
26:58 Hand Cart
29:06 Bloodlines
32:47 Imperial Age
30:39 Husbandry
30:48 Scale Barding Armor
31:31 Forging
32:16 Chain Barding Armor
33:02 Iron Casting
34:06 Plate Barding Armor
34:34 Chemistry
33:16 Heavy Camel Rider
35:59 Two-Man Saw
35:15 Imperial Camel Rider
38:16 Blast Furnace
37:01 Light Cavalry
38:05 Conscription
38:23 Gold Shaft Mining
37:38 Stone Mining
38:09 Grand Trunk Road
41:52 Caravan
43:06 Hussar
Istar
4:45 Loom
8:49 Feudal Age
9:07 Man-at-Arms
12:02 Double-Bit Axe
13:53 Horse Collar
16:26 Fletching
18:18 Wheelbarrow
21:56 Castle Age
21:15 Gold Mining
22:01 Forging
21:56 Scale Barding Armor
22:27 Bloodlines
22:52 Bow Saw
27:19 Iron Casting
29:00 Chain Barding Armor
32:45 Town Watch
36:12 Hand Cart
36:47 Town Patrol
39:30 Imperial Age
37:27 Nomads
38:26 Caravan
40:50 Drill
40:50 Conscription
40:37 Siege Engineers
41:33 Chemistry
39:56 Onager
42:17 Gold Shaft Mining
41:16 Siege Onager
45:20 Coinage
45:26 Capped Ram
46:36 Siege Ram
Connection lost

Rejoining the realm…

Still unreachable

The connection could not be restored.

Session expired

The server has moved on; the page needs a fresh start.